 Dungeon Crawl Stone Soup version 0.20-a0-910-gb611367 (webtiles) character file.

3972 galech the Grappler (level 10, -2/92 HPs)
             Began as a Troll Monk on Mar 23, 2017.
             Was an Elder of Cheibriados.
             Slain by a two-headed ogre
             ... wielding a +0 giant spiked club
              (17 damage)
             ... on level 8 of the Dungeon.
             The game lasted 00:12:40 (5376 turns).

galech the Grappler (Troll Monk)                    Turns: 5376, Time: 00:12:41

Health: -2/92      AC:  8    Str: 33    XL:     10   Next: 2%
Magic:  9/9        EV: 14    Int: 15    God:    Cheibriados [****..]
Gold:   232        SH:  0    Dex: 22    Spells: 9/9 levels left

rFire    + . .     SeeInvis .     - Unarmed
rCold    . . .     Gourm    +   a - +0 robe
rNeg     . . .     Faith    .   (no shield)
rPois    .         Spirit   .   (helmet restricted)
rElec    .         Reflect  .   A - +2 cloak {MR+}
rCorr    .         Harm     .   (gloves unavailable)
MR       +....                  (boots unavailable)
Stlth    +++.......             (no amulet)
Regen    0.7/turn               z - +3 ring of dexterity
MPRegen  0.2/turn               l - ring of fire

@: very slow
A: unfitting armour, claws 3, blink, clumsy 1, cold resistance 1, fast
metabolism 3, gourmand, regeneration 1, shaggy fur 1, tough skin 2, evolution 2
a: Blink, Bend Time, Temporal Distortion, Slouch, Renounce Religion


You were on level 8 of the Dungeon.
You worshipped Cheibriados.
Cheibriados was greatly pleased with you.
You were completely stuffed.

You visited 2 branches of the dungeon, and saw 9 of its levels.

You collected 384 gold pieces.
You spent 152 gold pieces at shops.

Inventory:

Armour
 a - a +0 robe (worn)
 A - a +2 cloak of magic resistance (worn)
Jewellery
 l - a ring of fire (left claw)
 x - an uncursed ring of magical power
 z - a +3 ring of dexterity (right claw)
Wands
 E - a wand of iceblast (9/15)
Scrolls
 c - a scroll of fear
 e - 4 scrolls of remove curse
 g - 2 scrolls of recharging
 r - 3 scrolls of amnesia
 s - a scroll of magic mapping
 t - a scroll of enchant weapon
 u - a scroll of enchant armour {unknown}
 y - a scroll of blinking {unknown}
 C - 2 scrolls of identify
Potions
 f - 3 potions of heal wounds {unknown}
 h - 4 potions of curing {unknown}
 i - a potion of flight {unknown}
 j - 4 potions of brilliance {unknown}
 m - a potion of degeneration {unknown}
 o - a potion of ambrosia {unknown}
 p - 2 potions of lignification {unknown}
 q - a potion of mutation {unknown}
 w - a potion of might
 B - a potion of haste {unknown}
 D - 2 potions of agility {unknown}
 H - 2 potions of cancellation {unknown}
Books
 n - a book of Misfortune

   Spells                             Type                      Level
   a - Confusing Touch                Hexes                        1
   b - Confuse                        Hexes                        3
   c - Gell's Gravitas                Translocation                3
   d - Petrify                        Transmutation/Earth          4
   e - Metabolic Englaciation         Hexes/Ice                    5
   f - Yara's Violent Unravelling     Hexes/Transmutation          5
 F - a book of Conjurations

   Spells                             Type                      Level
   a - Magic Dart                     Conjuration                  1
   b - Searing Ray                    Conjuration                  2
   c - Dazzling Spray                 Conjuration/Hexes            3
   d - Fulminant Prism                Conjuration/Hexes            4
   e - Force Lance                    Conjuration/Translocation    4
   f - Iskenderun's Mystic Blast      Conjuration                  4
 G - a book of Frost

   Spells                             Type                      Level
   a - Freeze                         Ice                          1
   b - Throw Frost                    Conjuration/Ice              2
   c - Ozocubu's Armour               Charms/Ice                   3
   d - Throw Icicle                   Conjuration/Ice              4
   e - Summon Ice Beast               Ice/Summoning                4
 J - a book of Clouds

   Spells                             Type                      Level
   a - Poisonous Vapours              Poison/Air                   2
   b - Mephitic Cloud                 Conjuration/Poison/Air       3
   c - Conjure Flame                  Conjuration/Fire             3
   d - Freezing Cloud                 Conjuration/Ice/Air          6
   e - Ring of Flames                 Charms/Fire                  7
Comestibles
 b - 5 bread rations
 d - 4 meat rations
 k - a royal jelly
 v - 4 fruits
 I - 4 chunks of flesh


   Skills:
 + Level 3.9 Fighting
 + Level 5.5 Dodging
 + Level 3.7 Stealth
 + Level 11.4 Unarmed Combat


You had 9 spell levels left.
You didn't know any spells.

Dungeon Overview and Level Annotations

Branches:
Dungeon (8/15)             Temple (1/1) D:5
   Lair: D:8-11

Altars:
Ashenzari
Cheibriados
Dithmenos
Elyvilon
Fedhas
Gozag
Hepliaklqana
Kikubaaqudgha
Makhleb
Nemelex Xobeh
Okawaru
Qazlal
Ru
Sif Muna
Trog
Uskayaw
Vehumet
Wu Jian
Xom
Yredelemnul
Zin
The Shining One

Shops:
D:6 (   D:7 *   D:8 *


Innate Abilities, Weirdness & Mutations

You are too large for most types of armour.
You have claws for hands.
Your metabolism is lightning-fast.
You like to eat raw meat.
Your natural rate of healing is unusually fast.
You are covered in fur. (AC +1)
You have very tough skin. (AC +2)
You can translocate small distances at will.
You are clumsy. (Dex -2)
Your flesh is cold resistant. (rC+)
You rapidly evolve.


Message History

You are too injured to fight recklessly!
You are too injured to fight recklessly!
You are too injured to fight recklessly!
You are too injured to fight recklessly!
You are too injured to fight recklessly!
You are too injured to fight recklessly!
You are too injured to fight recklessly!
You claw the two-headed ogre!
The two-headed ogre is lightly wounded.
You claw the two-headed ogre!
The two-headed ogre is moderately wounded.
The two-headed ogre misses you. x2
You scratch the two-headed ogre.
The two-headed ogre is moderately wounded.
You scratch the two-headed ogre but do no damage.
The two-headed ogre is moderately wounded.
The two-headed ogre hits you with a giant spiked club!!
* * * LOW HITPOINT WARNING * * *
The two-headed ogre hits you with a giant club!
You die...

##..
#..........#..#
.#.###
#.............#
.#.#<#
#............>#
.#.#.########
#.........#...#
##..........#
#.#########...#
.....######.#
###.# #...#
.##### #...#
#...# .# #
#.### #...# ##
#.####@# #...#
#..)cO.# #...#
#..##### #...#
#.. #...# #..
##### #.# #. ##


You could see a two-headed ogre and a centaur.

Vanquished Creatures
  A two-headed ogre (D:8)
  Joseph (D:7)
  2 hippogriffs (D:8)
  A wyvern (D:6)
  2 orc warriors
  2 ice beasts
  3 sky beasts
  A necrophage (D:8)
  5 ogres
  A centaur (D:8)
  5 bullfrogs
  2 scorpions
  A howler monkey (D:4)
  A crimson imp (D:6)
  A bullfrog zombie (D:7)
  3 hounds (D:6)
  A jelly (D:6)
  3 orc priests
  4 orc wizards
  A centaur skeleton (D:4)
  A bullfrog skeleton (D:6)
  2 iguanas (D:6)
  3 worker ants
  A hound zombie (D:7)
  A hound skeleton (D:5)
  7 adders
  A shadow imp (D:6)
  2 oozes
  An adder zombie (D:7)
  2 worms
  4 dart slugs
  7 leopard geckos
  29 orcs
  6 ball pythons
  3 giant cockroaches
  10 goblins
  9 hobgoblins
  2 jackals (D:3)
  9 kobolds
  4 quokkas
  14 bats
  4 frilled lizards
  A leopard gecko skeleton (D:4)
  A quokka skeleton (D:4)
  10 rats
  2 butterflies (D:5)
177 creatures vanquished.

Notes
Turn   | Place    | Note
-------+----------+-------------------------------------------
     0 | D:1      | galech the Troll Monk began the quest for the Orb.
     0 | D:1      | Reached XP level 1. HP: 22/22 MP: 0/0
   120 | D:1      | Reached XP level 2. HP: 29/29 MP: 1/1
   582 | D:1      | Reached XP level 3. HP: 36/36 MP: 2/2
  1112 | D:2      | Reached XP level 4. HP: 44/44 MP: 3/3
  1137 | D:2      | Reached skill level 4 in Unarmed Combat
  1912 | D:4      | Reached XP level 5. HP: 43/52 MP: 4/4
  2115 | D:4      | Reached skill level 5 in Unarmed Combat
  2140 | D:4      | Found a hazy altar of Hepliaklqana.
  2146 | D:4      | Found a blossoming altar of Fedhas.
  2146 | D:4      | Found a glowing golden altar of the Shining One.
  2146 | D:4      | Found a radiant altar of Vehumet.
  2146 | D:4      | Found an opulent altar of Gozag.
  2147 | D:4      | Found a bloodstained altar of Trog.
  2148 | D:4      | Found a stormy altar of Qazlal.
  2551 | D:5      | Entered Level 5 of the Dungeon
  2616 | D:5      | Reached XP level 6. HP: 61/61 MP: 5/5
  2948 | D:5      | Noticed a sky beast
  2951 | D:5      | Killed a sky beast
  3043 | D:5      | Reached skill level 6 in Unarmed Combat
  3144 | D:5      | Found a staircase to the Ecumenical Temple.
  3153 | Temple   | Entered the Ecumenical Temple
  3215 | Temple   | Became a worshipper of Cheibriados the Contemplative
  3215 | Temple   | Reached * piety under Cheibriados
  3215 | Temple   | Reached ** piety under Cheibriados
  3329 | D:6      | Found a hide-covered altar of Uskayaw.
  3335 | D:6      | Reached XP level 7. HP: 64/67 MP: 6/6
  3409 | D:6      | Found Avosusef's Weapon Shop.
  3626 | D:6      | Noticed a wyvern
  3633 | D:6      | Killed a wyvern
  3633 | D:6      | Reached skill level 7 in Unarmed Combat
  3850 | D:6      | Reached XP level 8. HP: 64/75 MP: 7/7
  3858 | D:6      | HP: 3/75 [ice beast (21)]
  4146 | D:6      | Reached skill level 8 in Unarmed Combat
  4357 | D:6      | Reached *** piety under Cheibriados
  4416 | D:7      | Found Kiothrama's Assorted Antiques.
  4419 | D:7      | Bought a runed cloak for 120 gold pieces
  4419 | D:7      | Bought a scroll of identify for 32 gold pieces
  4546 | D:7      | Reached skill level 9 in Unarmed Combat
  4810 | D:7      | Found a sacrificial altar of Ru.
  4854 | D:7      | Noticed Joseph
  4864 | D:7      | Killed Joseph
  4864 | D:7      | Reached skill level 5 in Dodging
  4864 | D:7      | Reached XP level 9. HP: 70/84 MP: 8/8
  4993 | D:8      | Reached skill level 10 in Unarmed Combat
  5004 | D:8      | Gained mutation: You are clumsy. (Dex -2) [mutagenic meat]
  5028 | D:8      | Noticed a two-headed ogre
  5040 | D:8      | Killed a two-headed ogre
  5131 | D:8      | Reached skill level 11 in Unarmed Combat
  5179 | D:8      | Reached **** piety under Cheibriados
  5243 | D:8      | Found Xaolaxul's Assorted Antiques.
  5318 | D:8      | Gained mutation: You evolve. [mutagenic meat]
  5319 | D:8      | Gained mutation: You can translocate small distances at will. [mutagenic meat]
  5322 | D:8      | Gained mutation: You rapidly evolve. [mutagenic meat]
  5361 | D:8      | Gained mutation: Your flesh is cold resistant. (rC+) [evolution]
  5364 | D:8      | Reached XP level 10. HP: 86/92 MP: 9/9
  5366 | D:8      | Noticed a two-headed ogre
  5376 | D:8      | Slain by a two-headed ogre

Vault maps used:
D:1:      ncdulo_watergridlock, serial_bayou_crossing
D:2:      minmay_diamond_boxcup, minmay_tromino_v4_c
D:4:      minitemple, first_bread
D:5:      minmay_temple_entry_butterflies, minmay_misc_feat_room
D:6:      eat_drink_and_be_merry_uskayaw, serial_shops, nicolae_shop_stone
D:7:      lemuel_doored_altar, serial_shops, kennysheep_mini, uniq_joseph
D:8:      serial_shops, shop, uniq_psyche
Temple:   dshaligram_water_room_temple

Skill      XL: |  1  2  3  4  5  6  7  8  9 |
---------------+----------------------------+-----
Dodging        | 3 4 5 |  5.5
Unarmed Combat | 4 5 6 7 9 11 | 11.4
Fighting       | 3 |  3.9
Stealth        | 2 3 |  3.7

Action                   |  1- 3 |  4- 6 |  7- 9 | 10-12 || total
-------------------------+-------+-------+-------+-------++-------
Melee: Unarmed           |   130 |   183 |   177 |     6 ||   496
       Punch             |       |     3 |     5 |       ||     8
  Use: Scroll            |       |       |     7 |       ||     7
 Stab: Sleeping          |     4 |     6 |     4 |       ||    14
  Eat: Chunk             |    16 |    20 |    18 |       ||    54
Armor: Robe              |    47 |    68 |    38 |     4 ||   157
Dodge: Dodged            |    86 |   116 |   123 |     4 ||   329
